 Dungeon Crawl Stone Soup version 0.23-a0-270-gab6feb3 (webtiles) character file.

1710 Irenicus the Reanimator (level 8, -3/62 HPs)
             Began as a Deep Dwarf Necromancer on Oct 1, 2018.
             Was a Follower of Makhleb.
             Slain by a hornet zombie (5 damage)
             ... on level 8 of the Dungeon.
             The game lasted 00:30:05 (3720 turns).

Irenicus the Reanimator (Deep Dwarf Necromancer)    Turns: 3720, Time: 00:30:05

Health: -3/62      AC:  6    Str: 12    XL:     8   Next: 74%
Magic:  2/14       EV: 12    Int: 18    God:    Makhleb [*.....]
Gold:   228        SH:  0    Dex: 13    Spells: 6/15 levels left

rFire    . . .     SeeInvis .   k - +5 mace
rCold    . . .     Gourm    .   (no shield)
rNeg     . . .     Faith    .   E - +0 leather armour
rPois    .         Spirit   .   r - +1 helmet
rElec    .         Reflect  .   s - +0 cloak
rCorr    .         Harm     .   (no gloves)
MR       +....                  (no boots)
Stlth    ++........             f - amulet of rage {+Rage, !d}
HPRegen  0.00/turn              (no ring)
MPRegen  0.14/turn              (no ring)

@: non-regenerating, hasted, very quick
A: damage resistance, heal wounds, sense surroundings 1, no regeneration
a: Heal Wounds, Renounce Religion, Evoke Berserk Rage


You were on level 8 of the Dungeon.
You worshipped Makhleb.
Makhleb was aware of your devotion.
You were hungry.

You visited 2 branches of the dungeon, and saw 9 of its levels.

You collected 228 gold pieces.

Inventory:

Hand Weapons
 h - a +0 dagger
   (You took it off a goblin on level 1 of the Dungeon)
 k - a +5 mace (weapon)
   (You found it on level 1 of the Dungeon)
 o - a cursed +0 hunting sling
   (You took it off a goblin on level 2 of the Dungeon)
 x - a cursed -2 dagger
   (You took it off a goblin on level 3 of the Dungeon)
 A - a +1 hand axe of freezing
   (You took it off an orc on level 3 of the Dungeon)
Missiles
 p - 176 stones (quivered)
Armour
 a - a +0 robe
 r - a +1 helmet (worn)
   (You found it on level 2 of the Dungeon)
 s - a +0 cloak (worn)
   (You found it on level 2 of the Dungeon)
 E - a +0 leather armour (worn)
   (You took it off a hobgoblin on level 3 of the Dungeon)
Jewellery
 f - an amulet of rage (around neck) {+Rage, !d}
   (You found it on level 1 of the Dungeon)
 B - an uncursed ring of fire {rF+, rC-}
   (You found it on level 4 of the Dungeon)
 D - an uncursed amulet of the acrobat
   (You found it on level 4 of the Dungeon)
 F - an uncursed amulet of the gourmand {Gourm, !d}
   (You took it off a hobgoblin on level 3 of the Dungeon)
 L - an uncursed ring of teleportation {+/*tele, !d}
   (You found it on level 5 of the Dungeon)
Wands
 y - a wand of paralysis (7)
   (You took it off Ijyb on level 3 of the Dungeon)
 C - a wand of flame (11)
   (You found it on level 6 of the Dungeon)
 I - a wand of random effects (25)
   (You found it on level 4 of the Dungeon)
Scrolls
 b - 4 scrolls of identify
 d - 3 scrolls of remove curse
 i - a scroll of blinking {!r}
 l - 2 scrolls of fog {unknown}
 m - 5 scrolls of teleportation {unknown}
 v - a scroll of immolation {unknown}
 w - a scroll of amnesia {unknown}
 G - a scroll of noise {!r}
 J - a scroll of acquirement {unknown}
 K - a scroll of magic mapping {unknown}
Potions
 e - 4 potions of heal wounds {unknown}
 g - 3 potions of mutation {!q}
 j - 4 potions of curing
 n - 2 potions of agility {unknown}
 q - 2 potions of magic {unknown}
 t - 2 potions of invisibility {unknown}
 u - a potion of might {unknown}
 M - 2 potions of degeneration {unknown}
 N - a potion of cancellation {unknown}
Comestibles
 c - 8 rations


   Skills:
 - Level 2.1 Dodging
 - Level 2.4 Stealth
 - Level 4.0 Spellcasting
 - Level 10.1 Necromancy
 + Level 7.8 Evocations


You had 6 spell levels left.
You knew the following spells:

 Your Spells              Type           Power        Failure   Level  Hunger
a - Pain                  Necr           ####         1%          1    None
b - Animate Skeleton      Necr           N/A          1%          1    None
v - Vampiric Draining     Necr           #####.....   1%          3    ###....
A - Animate Dead          Necr           N/A          3%          4    ####...

Your spell library contained the following spells:

 Spells                   Type           Power        Failure   Level  Hunger
 Magic Dart               Conj           #...         19%         1    None
 Regeneration             Chrm/Necr      Unusable     N/A         3    N/A

Dungeon Overview and Level Annotations

Branches:
Dungeon (8/15)             Temple (1/1) D:6
   Lair: D:8-11

Altars:
Elyvilon
Fedhas
Gozag
Kikubaaqudgha
Makhleb
Qazlal
Sif Muna
Trog
Uskayaw
Vehumet
Wu Jian
Xom
Yredelemnul
Zin
The Shining One
Lugonu


Innate Abilities, Weirdness & Mutations

You are resistant to damage.
You can heal yourself by infusing magical energy.
You passively map a small area around you.
You do not regenerate.


Message History

Wear which item? (? for menu, Esc to quit)
Okay, then.
You see here a helmet.
You see here a ration.
c - 8 rations (gained 1)
You swap places.
You swap places.
Your black bear zombie crumbles into dust!
A hound comes into view.
The hound barks!
Found a stone staircase leading down.
Aim: a hound (chance to defeat MR: 89%)
The hound writhes in agony!
You now have 9/14 mp.
Aim: a hound (moderately wounded)
You kill the hound!
Makhleb accepts your kill.
You feel life coursing into your body.
You regained 6 hp, and now have 25/62 hp.
You now have 6/14 mp.
You see here a hound corpse.
Okay, then.
Okay, then.
You attempt to give life to the dead...
Before your eyes, flesh is ripped from the corpse!
The dead are walking!
You see here 3 chunks of flesh {@w0}.
You now have 6/14 mp.
Eating one of 3 chunks of flesh {@w0}.
You eat one of the 3 chunks of flesh {@w0}.
You swap places.
There is a stone staircase leading down here.
You climb downwards.
Your mindless thrall stays behind.
There is a stone staircase leading up here.
You open the door.
There is an open door here.
You see here 5 gold pieces.
You now have 228 gold pieces (gained 5).
You found a teleport trap!
Really walk into that teleport trap?
You enter a teleport trap!
The teleport trap disappears.
Your surroundings suddenly seem different.
MP restored: 14
Found a stone staircase leading down.
You see here a coppery potion.
z - a coppery potion You are feeling hungry.
A hornet zombie comes into view.
A yak comes into view.
The yak bellows!
A yak comes into view.
You hit the hornet zombie but do no damage.
The hornet zombie hits you but does no damage.
You hit the hornet zombie. The hornet zombie hits you.
A yak comes into view.
The hornet zombie hits you!
* * * LOW HITPOINT WARNING * * *
You take 7 damage, and have 18/62 hp.
You barely miss the hornet zombie. The hornet zombie hits you.
* * * LOW HITPOINT WARNING * * *
The hornet zombie hits you.
You take 3 damage, and have 15/62 hp.
The yak bellows!
You hit the hornet zombie.
You hear a bellow!
The hornet zombie closely misses you. x2
A yak comes into view.
Aim: a yak You feel life coursing into your body.
The yak bellows!
The yak gores you!
* * * LOW HITPOINT WARNING * * *
The hornet zombie hits you but does no damage.
You take 3 damage, and have 12/62 hp.
You now have 11/14 mp.
Aim: a yak (moderately wounded)
You feel life coursing into your body. The hornet zombie hits you!
* * * LOW HITPOINT WARNING * * *
The yak closely misses you.
A yak comes into view.
The hornet zombie hits you.
* * * LOW HITPOINT WARNING * * *
You take 6 damage, and have 6/62 hp.
You now have 8/14 mp.
Aim: a yak (severely wounded)
You feel life coursing into your body. The yak barely misses you.
The hornet zombie barely misses you.
You regained 4 hp, and now have 10/62 hp.
You now have 5/14 mp.
Aim: a yak (almost dead)
You kill the yak!
Makhleb accepts your kill.
Your Evocations skill increases to level 7!
You feel life coursing into your body. The yak closely misses you.
The hornet zombie hits you.
* * * LOW HITPOINT WARNING * * *
You take 1 damage, and have 9/62 hp.
You now have 2/14 mp.
It was a potion of haste.
You feel yourself speed up. The hornet zombie barely misses you.
The yak gores you!
* * * LOW HITPOINT WARNING * * *
The hornet zombie hits you!
You die...

....#...###.......#
..##..............#
..##...........####
..++..........>#########
.. ...................#
.................#
.................#
.................# ,,*
####......@......# , ,,
#.....YZY######
#####...Y# , #....# * *
#.#Y... * ,, ,
,...#...... * ,
....#.......#
......#..$....# .....
#.......#


You could see 4 yaks and a hornet zombie.

Vanquished Creatures
  A yak (D:8)
  A sky beast (D:4)
  2 black bears
  An ice beast (D:6)
  A phantom (D:4)
  2 ogres
  A centaur (D:7)
  A howler monkey (D:4)
  2 electric eels (D:6)
  A bullfrog zombie (D:6)
  2 hounds
  An orc priest (D:7)
  A bullfrog skeleton (D:6)
  Ijyb (D:3)
  Natasha (D:3)
  An iguana (D:6)
  An orc wizard (D:7)
  5 worker ants
  A hound zombie (D:6)
  A hound skeleton (D:7)
  A worker ant zombie (D:6)
  A gnoll (D:1)
  9 adders
  An ooze (D:3)
  2 adder skeletons (D:6)
  8 leopard geckos
  15 orcs
  5 giant cockroaches
  9 goblins
  5 hobgoblins
  8 jackals
  4 quokkas
  2 ball pythons
  6 bats
  3 frilled lizards
  2 kobolds
  5 rats
  A butterfly (D:4)
115 creatures vanquished.

Vanquished Creatures (collateral kills)
  A phantom (D:7)
  2 bullfrogs (D:7)
  An orc (D:7)
  A hobgoblin (D:3)
5 creatures vanquished.

Grand Total: 120 creatures vanquished

Notes
Turn   | Place    | Note
-------+----------+-------------------------------------------
     0 | D:1      | Irenicus the Deep Dwarf Necromancer began the quest for the
                  | Orb.
     0 | D:1      | Reached XP level 1. HP: 15/15 MP: 3/3
   136 | D:1      | Reached skill level 2 in Spellcasting
   236 | D:1      | Reached XP level 2. HP: 16/22 MP: 3/5
   524 | D:2      | Reached XP level 3. HP: 20/28 MP: 3/6
   534 | D:2      | Reached skill level 5 in Necromancy
  1022 | D:2      | Reached XP level 4. HP: 25/36 MP: 6/8
  1062 | D:3      | Noticed Ijyb
  1068 | D:3      | Paralysed by Ijyb for 3 turns
  1078 | D:3      | Reached skill level 3 in Spellcasting
  1081 | D:3      | Paralysed by Ijyb for 7 turns
  1091 | D:3      | Paralysed by Ijyb for 4 turns
  1096 | D:3      | Paralysed by Ijyb for 2 turns
  1103 | D:3      | Killed Ijyb
  1138 | D:3      | Learned a level 1 spell: Animate Skeleton
  1142 | D:3      | Learned a level 3 spell: Vampiric Draining
  1177 | D:3      | Found a bloodstained altar of Trog.
  1179 | D:3      | Found an opulent altar of Gozag.
  1327 | D:4      | Found a shimmering altar of Xom.
  1338 | D:4      | Reached XP level 5. HP: 21/42 MP: 0/10
  1406 | D:4      | Noticed a sky beast
  1410 | D:4      | Reached skill level 6 in Necromancy
  1448 | D:4      | HP: 8/42 [sky beast (4)]
  1456 | D:4      | Killed a sky beast
  1456 | D:4      | Reached skill level 4 in Spellcasting
  1456 | D:4      | Reached XP level 6. HP: 9/49 MP: 0/12
  1652 | D:3      | Noticed Natasha
  1665 | D:3      | Killed Natasha
  1665 | D:3      | Reached skill level 7 in Necromancy
  1880 | D:4      | Reached skill level 8 in Necromancy
  1880 | D:4      | Reached XP level 7. HP: 21/55 MP: 8/13
  1881 | D:4      | Found a basalt altar of Yredelemnul.
  1909 | D:5      | Entered Level 5 of the Dungeon
  1909 | D:5      | Found a burning altar of Makhleb.
  1918 | D:5      | Became a worshipper of Makhleb the Destroyer
  2043 | D:5      | Found a radiant altar of Vehumet.
  2045 | D:5      | Found an ancient bone altar of Kikubaaqudgha.
  2045 | D:5      | Found a deep blue altar of Sif Muna.
  2051 | D:5      | Identified Vehumet's Reference Book on Arcane Weapons
  2807 | D:6      | Reached skill level 9 in Necromancy
  2827 | D:6      | Learned a level 4 spell: Animate Dead
  2846 | D:6      | Found a staircase to the Ecumenical Temple.
  2857 | Temple   | Entered the Ecumenical Temple
  3095 | D:6      | HP: 12/55 [bullfrog skeleton (5)]
  3193 | D:6      | Reached XP level 8. HP: 14/62 MP: 6/14
  3201 | D:6      | HP: 14/62 [electric eel/bolt of electricity (1)]
  3203 | D:6      | Reached skill level 10 in Necromancy
  3306 | D:6      | Reached skill level 2 in Evocations
  3346 | D:7      | Reached skill level 3 in Evocations
  3347 | D:7      | HP: 15/62 [centaur/arrow (4)]
  3354 | D:7      | HP: 8/62 [centaur (2)]
  3359 | D:7      | HP: 11/62 [centaur (4)]
  3364 | D:7      | HP: 15/62 [centaur (4)]
  3366 | D:7      | Reached skill level 4 in Evocations
  3394 | D:7      | Reached skill level 5 in Evocations
  3467 | D:7      | Reached skill level 6 in Evocations
  3497 | D:7      | Found a glowing silver altar of Zin.
  3509 | D:7      | HP: 15/62 [orc priest/divine providence (9)]
  3513 | D:7      | Reached * piety under Makhleb
  3516 | D:7      | HP: 13/62 [orc priest/trident of protection (4)]
  3713 | D:8      | HP: 15/62 [hornet zombie (3)]
  3716 | D:8      | HP: 6/62 [hornet zombie (2)]
  3718 | D:8      | Reached skill level 7 in Evocations
  3720 | D:8      | HP: 2/62 [yak (7)]
  3720 | D:8      | Slain by a hornet zombie

Vault maps used:
D:1:      roderic_crop_circles_arrival_small
D:3:      chequers_temple_overflow_statue_of_worship, first_ration,
          minmay_tree_intersection, minivault_14, uniq_ijyb, uniq_natasha
D:4:      yredelemnul_altar_generic, xom_butterflies
D:5:      kennysheep_big_flooded_room, grunt_temple_overflow_magic_moments,
          lemuel_crystal_altar
D:6:      minmay_temple_entry_poolview, serial_bayou, serial_bayou_crossing,
          serial_bayou_shore_a, serial_bayou_pond_a, serial_bayou_lagoon_b,
          serial_park_tiny_1
D:7:      cheibrodos_helix_gallery, kennysheep_mini_moat
Temple:   corrupted_temple

Skill      XL: |  1  2  3  4  5  6  7  8 |
---------------+-------------------------+-----
Spellcasting   | 2 3 4 |  4.0
Necromancy     | 5 6 8 9 10 | 10.1
Evocations     | 7 |  7.8
Dodging        | |  2.1
Stealth        | |  2.4

Action                   |  1- 3 |  4- 6 |  7- 9 || total
-------------------------+-------+-------+-------++-------
Melee: Unarmed           |     8 |       |       ||     8
       Dagger            |     3 |       |       ||     3
       Mace              |    12 |    60 |    55 ||   127
Throw: Tomahawk          |     6 |       |       ||     6
 Cast: Pain              |    53 |    51 |    51 ||   155
       Vampiric Draining |       |    13 |    28 ||    41
       Animate Skeleton  |       |     1 |     5 ||     6
       Animate Dead      |       |       |     2 ||     2
 Abil: Evoke Berserk Rag |     1 |       |       ||     1
Evoke: Wand              |       |       |    19 ||    19
  Use: Scroll            |     6 |     3 |     2 ||    11
       Potion            |       |       |     3 ||     3
 Stab: Sleeping          |     3 |     5 |     1 ||     9
  Eat: Chunk             |     1 |     4 |     5 ||    10
       Ration            |       |       |     1 ||     1
Armor: Robe              |    10 |    28 |       ||    38
       Leather armour    |       |     5 |    35 ||    40
Dodge: Dodged            |    42 |    37 |    88 ||   167

Table legend:
 A = Non-vault XP
 B = Vault XP
 C = Vault XP percentage of total XP
 D = Non-vault monster count
 E = Vault monster count
 F = Vault count percentage of total count
                 A         B        C        D         E       F
            +---------+---------+-------+---------+---------+-------
      Total |    2304 |     140 |   5.7 |     113 |       6 |   5.0
            +---------+---------+-------+---------+---------+-------
        D:1 |      37 |       0 |   0.0 |      15 |       0 |   0.0
        D:2 |      60 |       0 |   0.0 |      20 |       0 |   0.0
        D:3 |     134 |      74 |  35.6 |      26 |       2 |   7.1
        D:4 |     507 |       0 |   0.0 |       9 |       0 |   0.0
        D:5 |      41 |      38 |  48.1 |       4 |       2 |  33.3
        D:6 |     745 |       0 |   0.0 |      26 |       0 |   0.0
        D:7 |     578 |      28 |   4.6 |      12 |       2 |  14.3
        D:8 |     202 |       0 |   0.0 |       1 |       0 |   0.0
            +---------+---------+-------+---------+---------+-------

Vault maps used:
D:1:      roderic_crop_circles_arrival_small
D:3:      chequers_temple_overflow_statue_of_worship, first_ration,
          minmay_tree_intersection, minivault_14, uniq_ijyb, uniq_natasha
D:4:      yredelemnul_altar_generic, xom_butterflies
D:5:      kennysheep_big_flooded_room, grunt_temple_overflow_magic_moments,
          lemuel_crystal_altar
D:6:      minmay_temple_entry_poolview, serial_bayou, serial_bayou_crossing,
          serial_bayou_shore_a, serial_bayou_pond_a, serial_bayou_lagoon_b,
          serial_park_tiny_1
D:7:      cheibrodos_helix_gallery, kennysheep_mini_moat
Temple:   corrupted_temple

Table legend:
 A = Turns spent in this place as a percentage of turns spent in the entire game.
 B = Non-inter-level travel turns spent in this place as a percentage of non-inter-level travel turns spent in the entire game.
 C = Inter-level travel turns spent in this place as a percentage of turns spent in this place.
 D = Turns resting spent in this place as a percentage of non-inter-level travel turns spent in this place.
 E = Turns spent auto-exploring this place as a percentage of non-inter-level travel turns spent in this place.
 F = Non-inter-level travel turns spent in this place divided by the number of levels of this place that you've seen.
                   A       B       C       D       E      F
               +-------+-------+-------+-------+-------+----------------------
         Total | 100.0 | 100.0 |   2.9 |   0.0 |   0.0 | 401.3
       Dungeon |  99.3 |  99.3 |   2.9 |   0.0 |   0.0 | 448.2
        Temple |   0.7 |   0.7 |   0.0 |   0.0 |   0.0 |  26.0
               +-------+-------+-------+-------+-------+----------------------

Table legend:
 A = Kills in this place as a percentage of kills in entire the game.
 B = Kills by you in this place as a percentage of kills by you in the entire game.
 C = Kills by friends in this place as a percentage of kills by friends in the entire game.
 D = Other kills in this place as a percentage of other kills in the entire game.
 E = Experience gained in this place as a percentage of experience gained in the entire game.
 F = Experience gained in this place divided by the number of levels of this place that you have seen.
                   A       B       C       D       E      F
               +-------+-------+-------+-------+-------+----------------------
         Total | 100.0 | 100.0 | 100.0 |   N/A | 100.0 | 271.6
       Dungeon | 100.0 | 100.0 | 100.0 |   N/A | 100.0 | 305.5
               +-------+-------+-------+-------+-------+----------------------
